 Dungeon Crawl Stone Soup version 0.21.1-1-g345015fe64 (webtiles) character file.

791 Lavandula the Digger (level 7, -7/46 HPs)
             Began as a Barachi Earth Elementalist on July 9, 2018.
             Was a Follower of Cheibriados.
             Mangled by a river rat (8 damage)
             ... in a sewer.
             The game lasted 00:15:09 (2179 turns).

Lavandula the Digger (Barachi Earth Elementalist)   Turns: 2179, Time: 00:15:09

Health: -7/46      AC:  5    Str: 12 (13) XL:     7   Next: 88%
Magic:  1/14       EV: 11    Int: 17 (20) God:    Cheibriados [*.....]
Gold:   173        SH:  0    Dex: 12 (15) Spells: 2/15 levels left

rFire    . . .     SeeInvis .   x - +0 falchion (curse)
rCold    . . .     Gourm    .   (no shield)
rNeg     . . .     Faith    .   y - +0 ring mail
rPois    .         Spirit   .   (no helmet)
rElec    .         Reflect  .   (no cloak)
rCorr    +         Harm     .   (no gloves)
MR       +....                  (no boots)
Stlth    +.........             (no amulet)
HPRegen  0.15/turn              q - ring of resist corrosion
MPRegen  0.14/turn              f - ring of protection from magic

@: flying, very slow
A: +LOS, swims, slowness 1, strong legs 1
a: Hop, Bend Time, Renounce Religion


You were in a sewer.
You worshipped Cheibriados.
Cheibriados was aware of your devotion.
You were hungry.

You visited 1 branch of the dungeon, and saw 5 of its levels.
You also visited: Sewer.

You collected 173 gold pieces.

Inventory:

Hand Weapons
 j - a +0 short sword
 m - a +0 long sword
 x - a cursed +0 falchion (weapon)
Armour
 c - a +0 robe
 r - a +0 leather armour
 w - a +0 chain mail
 y - a +0 ring mail (worn)
Jewellery
 f - a ring of protection from magic (right hand)
 q - a ring of resist corrosion (left hand)
Wands
 o - a wand of random effects (12)
Scrolls
 a - a scroll of fog {unknown}
 g - a scroll of noise {unknown}
 p - a scroll of fear {unknown}
 s - a scroll of blinking {unknown}
 t - a scroll of remove curse {unknown}
 u - a scroll of identify {unknown}
 A - a scroll of enchant armour {unknown}
Potions
 i - a potion of brilliance
 n - 2 potions of degeneration
Books
 e - a book of Geomancy

   Spells                             Type                      Level
   a - Sandblast                      Earth                        1
   b - Passwall                       Transmutation/Earth          2
   c - Stone Arrow                    Conjuration/Earth            3
   d - Petrify                        Transmutation/Earth          4
   e - Lee's Rapid Deconstruction     Earth                        5
Comestibles
 d - 5 rations
 z - 2 chunks of flesh


   Skills:
 + Level 2.2 Long Blades
 - Level 2.2 Dodging
 - Level 1.7 Stealth
 - Level 4.6 Spellcasting
 - Level 1.1 Transmutations
 - Level 7.7 Earth Magic


You had 2 spell levels left.
You knew the following spells:

 Your Spells              Type           Power        Failure   Level  Hunger
a - Sandblast             Erth           ####..       1%          1    None
b - Stone Arrow           Conj/Erth      ###...       21%         3    ###....
c - Petrify               Tmut/Erth      ###.....     47%         4    ####...
d - Lee's Rapid Deconstr  Erth           ####......   36%         5    ######.


Dungeon Overview and Level Annotations

Branches:
Dungeon (5/15)
 Temple: D:4-7

Altars:
Cheibriados
Hepliaklqana
Makhleb
Trog
Xom

Annotations:
D:3 Goboxel's ghost, amateur HuFE
D:5 Dowan; Duvessa


Innate Abilities, Weirdness & Mutations

Shadows flee at your approach. (+LOS)
You can swim through water.
You cover ground slowly.
You can hop short distances.


Message History

You are feeling hungry.
You hit the river rat but do no damage. The river rat bites you.
* * * LOW HITPOINT WARNING * * *
It was a potion of brilliance.
You feel clever all of a sudden. The river rat misses you.
You riposte.
You hit the river rat.
The river rat is lightly wounded.
It was a potion of cancellation.
Your magical effects are unravelling.
You feel magically purged.
Your magical contamination has completely faded away.
You feel a little less clever now.
You feel a little less agile now. The river rat bites you.
* * * LOW HITPOINT WARNING * * *
It was a potion of flight.
You feel very buoyant.
You fly up into the air.
You are ready to hop once more.
The river rat bites you!
You die... ################ #@rrr∩.∩......≈≈ ################

You could see 2 river rats and a rat.

Vanquished Creatures
  A black bear (D:4)
  An ice beast (D:5)
  A centaur (D:5)
  A scorpion (D:4)
  A crimson imp (D:5)
  A bullfrog skeleton (D:4)
  A bullfrog zombie (D:4)
  2 hounds
  An orc wizard (D:4)
  An orc priest (D:5)
  4 worker ants
  4 river rats (D:5)
  5 adders
  2 oozes
  A worm (D:2)
  3 leopard geckos
  12 orcs
  6 giant cockroaches
  A goblin (D:3)
  3 hobgoblins
  2 jackals (D:2)
  A ball python (D:3)
  3 bats
  2 frilled lizards
  5 kobolds
  7 rats
72 creatures vanquished.

Vanquished Creatures (others)
  A river rat (Sewer)
1 creature vanquished.

Grand Total: 73 creatures vanquished

Notes
Turn   | Place    | Note
-------+----------+-------------------------------------------
     0 | D:1      | Lavandula the Barachi Earth Elementalist began the quest for the Orb.
     0 | D:1      | Reached XP level 1. HP: 13/13 MP: 3/3
   184 | D:2      | Reached XP level 2. HP: 10/19 MP: 3/6
   289 | D:2      | Reached XP level 3. HP: 22/24 MP: 2/7
   294 | D:2      | Learned a level 3 spell: Stone Arrow
   504 | D:3      | Reached skill level 4 in Earth Magic
   560 | D:3      | Found a hazy altar of Hepliaklqana.
   560 | D:3      | Found a bloodstained altar of Trog.
   625 | D:3      | Noticed Goboxel's ghost (amateur HuFE)
   680 | D:2      | Reached XP level 4. HP: 12/30 MP: 4/8
   686 | D:2      | Learned a level 4 spell: Petrify
   816 | D:3      | Found a burning altar of Makhleb.
   853 | D:3      | Found a shimmering altar of Xom.
  1035 | D:2      | Found a snail-covered altar of Cheibriados.
  1041 | D:2      | Became a worshipper of Cheibriados the Contemplative
  1227 | D:4      | Reached XP level 5. HP: 35/35 MP: 2/10
  1329 | D:4      | Noticed Duvessa
  1446 | D:4      | Learned a level 5 spell: Lee's Rapid Deconstruction
  1468 | D:4      | Reached skill level 5 in Earth Magic
  1468 | D:4      | Reached XP level 6. HP: 27/41 MP: 1/13
  1828 | D:4      | Noticed a black bear
  1837 | D:4      | Killed a black bear
  1837 | D:4      | Reached skill level 6 in Earth Magic
  1891 | D:4      | Reached * piety under Cheibriados
  1891 | D:4      | Reached XP level 7. HP: 46/46 MP: 8/14
  1914 | D:5      | Entered Level 5 of the Dungeon
  1980 | D:5      | Reached skill level 7 in Earth Magic
  2019 | D:4      | Noticed Dowan
  2089 | D:5      | Reached skill level 1 in Long Blades
  2147 | D:5      | Found a glowing drain.
  2155 | Sewer    | Entered a sewer
  2178 | Sewer    | HP: 1/46 [river rat (3)]
  2179 | Sewer    | Mangled by a river rat

Skill      XL: |  1  2  3  4  5  6  7 |
---------------+----------------------+-----
Spellcasting   | 3 4 |  4.6
Earth Magic    | 4 5 6 7 |  7.7
Long Blades    | 2 |  2.2
Dodging        | |  2.2
Stealth        | |  1.7
Transmutations | |  1.1

Action                   |  1- 3 |  4- 6 |  7- 9 || total
-------------------------+-------+-------+-------++-------
Melee: Unarmed           |     4 |       |       ||     4
       Long sword        |    18 |    64 |       ||    82
       Falchion          |       |       |    52 ||    52
 Cast: Sandblast         |    45 |    15 |    21 ||    81
       Stone Arrow       |       |    24 |     4 ||    28
       Lee's Rapid Decon |       |       |     1 ||     1
 Abil: Hop               |     1 |     6 |     3 ||    10
Evoke: Wand              |       |       |     4 ||     4
  Use: Potion            |       |     3 |     8 ||    11
       Scroll            |       |       |     2 ||     2
 Stab: Sleeping          |       |       |     1 ||     1
  Eat: Ration            |       |     1 |       ||     1
       Chunk             |       |     2 |     3 ||     5
Armor: Robe              |     8 |    11 |       ||    19
       Leather armour    |       |     9 |       ||     9
       Ring mail         |       |       |    24 ||    24
Dodge: Dodged            |    36 |    54 |    44 ||   134
       Rpst.: Long sword |     9 |    14 |       ||    23
       Falchion          |       |       |    13 ||    13
